 Dungeon Crawl Stone Soup version 0.31-a0-986-g5e6e4ef867 (webtiles) character file.

Game seed: 11758787645114107024

275 wildpjah the Caller (level 6, -11/43 HPs)
             Began as a Merfolk Summoner on Nov 14, 2023.
             Mangled by Menkaure (18 damage)
             ... in an ossuary on Nov 15, 2023.
             The game lasted 00:15:23 (4414 turns).

wildpjah the Caller (Merfolk Summoner)              Turns: 4414, Time: 00:15:23

Health: -11/43     AC:  5    Str:  8    XL:     6   Next: 24%
Magic:  2/11       EV: 13    Int: 17    God:
Gold:   195        SH:  0    Dex: 14    Spells: 9/12 levels left

rFire   . . .        u - +0 spear
rCold   . . .        (no shield)
rNeg    + . .        c - +0 robe {rN+}
rPois   .            r - +0 helmet
rElec   .            t - +0 cloak
rCorr   .            (no gloves)
SInv    .            f - +0 pair of boots
Will    .....        e - amulet of the acrobat
Stlth   ++           h - ring of flight
HPRegen 0.27/turn    (no ring)
MPRegen 0.12/turn

%: acrobat
@: flying
A: (nimble swimmer 2), mertail
a: no special abilities


You were in an ossuary.
You visited 1 branch of the dungeon, and saw 4 of its levels.
You also visited: Ossuary.

You collected 195 gold pieces.

Inventory:

Hand Weapons
 m - a +0 short sword of venom
 u - a +0 spear (weapon)
Armour
 c - a +0 robe of positive energy (worn)
 f - a +0 pair of boots (worn)
 n - a +2 ring mail of cold resistance
 r - a +0 helmet (worn)
 t - a +0 cloak (worn)
Jewellery
 e - an amulet of the acrobat (around neck)
 h - a ring of flight (left hand)
Scrolls
 a - a scroll of fear {unknown}
 d - 2 scrolls of teleportation {unknown}
 j - a scroll of vulnerability {unknown}
 k - 2 scrolls of revelation {unknown}
 l - 3 scrolls of identify {unknown}
 p - a scroll of blinking {unknown}
 s - a scroll of fog {unknown}
Potions
 b - 2 potions of magic
 g - 2 potions of attraction {unknown}
 i - a potion of mutation {unknown}
 o - a potion of invisibility {unknown}
 q - a potion of cancellation {unknown}


   Skills:
 + Level 1.2 Fighting
 + Level 1.7 Polearms
 + Level 3.3 Dodging
 - Level 2.2 Stealth
 + Level 3.9 Spellcasting
 + Level 5.6 Summonings


You had 9 spell levels left.
You knew the following spells:

 Your Spells              Type           Power      Damage    Failure   Level
a - Summon Small Mammal   Summ           88%        N/A       1%          1
b - Call Imp              Summ           44%        N/A       2%          2

Your spell library contained the following spells:

 Spells                   Type           Power      Damage    Failure   Level
 Call Canine Familiar     Summ           22%        N/A       4%          3
 Summon Guardian Golem    Hex/Summ       12%        N/A       16%         3
 Summon Lightning Spire   Summ/Air       12%        N/A       45%         4
 Haunt                    Necr/Summ      6%         N/A       100%        7
 Borgnjor's Revivificati  Necr           1%         N/A       100%        8
 Death's Door             Necr           1%         N/A       100%        9


Dungeon Overview and Level Annotations

Branches:
Dungeon (4/15)            Ossuary (1/1)
 Temple: D:4-7

Altars:
Fedhas
Yredelemnul

Shops:
D:3 [   D:4 (

Annotations:
Ossuary Menkaure


Innate Abilities, Weirdness & Mutations

((You are very nimble when in or above water. (Stealth+, EV+, Speed+++)))
Your lower body shifts to a powerful aquatic tail in water.


Message History

Menkaure is lightly damaged.
Your cerulean imp barely misses the gnoll zombie.
Your quokka bites Menkaure but does no damage.
Menkaure hits your quokka.
Your quokka bites Menkaure but does no damage.
The kobold zombie closely misses your cerulean imp.
The gnoll zombie hits your cerulean imp.
Reach: u) +0 spear
Press: ? - help, Dir - move target, f/p - Menkaure
Aim: Menkaure (lightly damaged, fast, not watching you, ally target, about 25% to evade your +0 spear)
You reach to attack!
You catch the helpless Menkaure completely off-guard!
You hit Menkaure.
Menkaure is lightly damaged.
Your cerulean imp hits the gnoll zombie with a -2 spear.
The gnoll zombie is destroyed!
Your quokka bites Menkaure.
Menkaure calls on the powers of darkness!
Your quokka convulses!
Your body is wracked with pain!
* * * LOW HITPOINT WARNING * * *
Your quokka barely misses Menkaure.
Reach: u) +0 spear
Press: ? - help, Dir - move target, f/p - Menkaure
Aim: Menkaure (lightly damaged, fast, ally target, about 25% to evade your +0 spear)
Okay, then.
Reach: u) +0 spear
Press: ? - help, Dir - move target, f/p - Menkaure
Aim: Menkaure (lightly damaged, fast, ally target, about 25% to evade your +0 spear)
You could not reach far enough!
Your quokka bites Menkaure.
Your cerulean imp hits Menkaure but does no damage.
Menkaure hits your quokka!
Your quokka dies!
Your quokka's corpse disappears in a puff of smoke!
Your quokka bites Menkaure.
Casting: Summon Small Mammal (safe; 1% risk of failure)
Confirm with . or Enter, or press ? or * to list all spells.
Your cerulean imp hits Menkaure from afar with a -2 spear.
Menkaure hits you!!
You die...

##..##..##..##..##
##..##..####..##..##
##..##..######..##..##
##..##..##....##..##..#
##..##..##..##..##..##..
##^.##..##..####..##..##.
##..##..##r.## ##..##..##
##..##..##..## ##..##..#
##..##..##M@## ##..##..
##.^##..##.r## ##..##.
##..##..##5.## ##..##
##..##..##.Z## ##..#
##..##..##..# ##.. ##..##..##...
##.
#..##..##########################
..##.............................
.################################


You could see Menkaure (fast, ally target), a kobold zombie, a friendly cerulean
imp (summoned) and 2 friendly quokkas.

Vanquished Creatures
  A hound (D:4)
  A sleepcap (D:4)
  A mummy (Ossuary)
  Robin (D:3)
  2 adders (D:2)
  A worm (D:3)
  2 dart slugs
  3 ball pythons
  An endoplasm (D:3)
  A giant cockroach (D:1)
  A gnoll zombie (Ossuary)
  6 hobgoblins
  5 kobolds
  A quokka (D:3)
  3 bats
  2 frilled lizards
  A gnoll skeleton (Ossuary)
  10 goblins
  2 goblin skeletons (Ossuary)
  A goblin zombie (Ossuary)
  5 hobgoblin skeletons (Ossuary)
  2 hobgoblin zombies (Ossuary)
  A kobold skeleton (Ossuary)
  A kobold zombie (Ossuary)
  An orc skeleton (Ossuary)
  2 rats
  2 rat zombies (Ossuary)
60 creatures vanquished.

Vanquished Creatures (collateral kills)
  2 mummies (Ossuary)
  4 adders (D:2)
  A worm (D:2)
  An orc (D:2)
  2 ball pythons (D:2)
  A giant cockroach (D:2)
  4 gnoll zombies (Ossuary)
  5 goblins
  3 hobgoblins
  8 kobolds
  A quokka (D:1)
  2 gnoll skeletons (Ossuary)
  A goblin skeleton (Ossuary)
  A goblin zombie (Ossuary)
  3 hobgoblin skeletons (Ossuary)
  3 hobgoblin zombies (Ossuary)
  3 kobold skeletons (Ossuary)
  A kobold zombie (Ossuary)
  4 orc skeletons (Ossuary)
  4 orc zombies (Ossuary)
  A rat (D:2)
  A rat skeleton (Ossuary)
  3 rat zombies (Ossuary)
59 creatures vanquished.

Grand Total: 119 creatures vanquished

Notes
Turn   | Place    | Note
-------+----------+-------------------------------------------
     0 | D:1      | wildpjah the Merfolk Summoner began the quest for the Orb.
     0 | D:1      | Reached XP level 1. HP: 13/13 MP: 3/3
   274 | D:1      | Reached XP level 2. HP: 19/19 MP: 1/5
  1013 | D:2      | Reached XP level 3. HP: 17/24 MP: 3/6
  1185 | D:1      | Learned a level 2 spell: Call Imp
  1626 | D:2      | Reached XP level 4. HP: 31/31 MP: 5/8
  2174 | D:2      | Reached skill level 5 in Summonings
  2855 | D:3      | Noticed Robin
  2861 | D:3      | Reached XP level 5. HP: 36/36 MP: 7/9
  2869 | D:3      | Killed Robin
  3107 | D:3      | Found a large runed translucent door.
  3152 | D:3      | Found a large runed translucent door.
  3303 | D:3      | Found Luucsaon's Antique Armour Emporium.
  3367 | D:3      | Found a basalt altar of Yredelemnul.
  3393 | D:3      | Found a blossoming altar of Fedhas.
  3498 | D:4      | Found Qeosch's Weapon Shop.
  3545 | D:4      | Reached skill level 1 in Fighting
  3902 | D:4      | Found a sand-covered staircase.
  3911 | Ossuary  | Entered an ossuary
  4002 | Ossuary  | Reached skill level 1 in Polearms
  4182 | Ossuary  | Reached XP level 6. HP: 43/43 MP: 5/11
  4390 | Ossuary  | Noticed Menkaure
  4414 | Ossuary  | Mangled by Menkaure

Illustrated notes

Levels and vault maps discovered:
D:1:      dpeg_arrival_arbitrary_c, layout_loops_ring, serial_glass,
          glass_columns_c, glass_columns_b
D:2:      layout_basic
D:3:      layout_rooms, jmf_multi_god_temple2, serial_shops,
          nicolae_shop_getting_attention, uniq_robin
D:4:      layout_cave_pods, general_overflow_altar, serial_shops,
          nicolae_shop_bloodbath_and_beyond, enter_ossuary_3
Ossuary:  ossuary_due_pyramid

Skill      XL: |  1  2  3  4  5 |
---------------+----------------+-----
Dodging        | 3 |  3.3
Spellcasting   | 3 |  3.9
Summonings     | 5 |  5.6
Fighting       | 1 |  1.2
Polearms       | 1 |  1.7
Stealth        | |  2.2

Action                     |  1- 3 |  4- 6 || total
---------------------------+-------+-------++-------
  Melee: Unarmed           |    17 |       ||    17
         Whip              |    80 |     9 ||    89
         Punch             |     2 |     1 ||     3
         Short sword       |       |    42 ||    42
         Spear             |       |   145 ||   145
         Trident           |       |    21 ||    21
   Cast: Summon Small Mamm |    48 |    66 ||   114
         Call Imp          |     6 |    31 ||    37
   Stab: Distracted        |     2 |     6 ||     8
         Sleeping          |       |     1 ||     1
 Armour: Robe              |    62 |    71 ||   133
  Dodge: Dodged            |    75 |    91 ||   166

Table legend: (Time is in decaauts)
 A = Elapsed time spent in this place.
 B = Non-inter-level travel time spent in this place.
 C = Inter-level travel time spent in this place.
 D = Time resting spent in this place.
 E = Time spent auto-exploring this place.
 F = Levels seen in this place.
 G = Mean time per level.
                   A        B        C        D        E       F      G
               +--------+--------+--------+--------+--------+-----+--------+
         Total |   4435 |   4347 |     88 |     65 |   3225 |   5 |  887.0 |
       Dungeon |   3927 |   3839 |     88 |     65 |   3007 |   4 |  981.8 |
       Ossuary |    508 |    508 |      0 |      0 |    218 |   1 |  508.0 |
               +--------+--------+--------+--------+--------+-----+--------+

Top non-repeatable levels by time:
     D:2: 1421 daAuts
     D:1: 1067 daAuts
     D:3: 988 daAuts
 Ossuary: 508 daAuts
     D:4: 451 daAuts
